 Dungeon Crawl Stone Soup version 0.29-a0-876-gfc89b1a5bd (webtiles) character file.

Game seed: 15882164318524120172

212 jlumianski the Chiller (level 5, -14/36 HPs)
             Began as a Demonspawn Ice Elementalist on July 19, 2022.
             Demolished by an ogre
             ... wielding a +0 giant club
              (23 damage)
             ... on level 3 of the Dungeon.
             The game lasted 00:22:20 (4288 turns).

jlumianski the Chiller (DsIE)                       Turns: 4288, Time: 00:22:20

Health: -14/36     AC:  6    Str:  8    XL:     5   Next: 58%
Magic:  9/9        EV: 12    Int: 18    God:
Gold:   96         SH:  4    Dex: 14    Spells: 3/10 levels left

rFire   . . .      SeeInvis .   A - +4 quarterstaff (chaos)
rCold   . . .      Faith    .   (shield currently unavailable)
rNeg    . . .      Spirit   .   d - +0 leather armour
rPois   .          Reflect  .   (no helmet)
rElec   .          Harm     .   B - +0 cloak
rCorr   .          Rampage  .   (no gloves)
Will    .....                   (no boots)
Stlth   ++........              (no amulet)
HPRegen 0.12/turn               (no ring)
MPRegen 0.11/turn               (no ring)

@: about to teleport
A: molten scales 1, powered by pain 1, condensation shield
a: no special abilities


You were on level 3 of the Dungeon.
You visited 1 branch of the dungeon, and saw 4 of its levels.

You collected 168 gold pieces.
You spent 72 gold pieces at shops.

Inventory:

Hand Weapons
 c - a +0 hand axe
 j - a +0 rapier
 l - a +0 war axe
 A - a +4 quarterstaff of chaos (weapon)
Missiles
 e - 34 stones
 q - 11 poisoned darts
 s - a throwing net
Armour
 a - a +0 robe
 d - a +0 leather armour (worn)
 B - a +0 cloak (worn)
Magical Staves
 w - a staff of air
 y - a staff of poison
Wands
 r - a wand of mindburst (20)
Scrolls
 g - a scroll of magic mapping {unknown}
 h - a scroll of amnesia
 i - 3 scrolls of teleportation
Potions
 b - 3 potions of magic
 f - 3 potions of curing
 k - a potion of haste
 m - a potion of lignification
 n - 3 potions of might
 o - 2 potions of attraction
 p - a potion of ambrosia
 t - a potion of degeneration {unknown}
 v - a potion of cancellation {unknown}
 x - a potion of invisibility {unknown}


   Skills:
 + Level 0.5 Fighting
 + Level 0.8 Axes
 + Level 1.0 Armour
 + Level 2.6 Dodging
 + Level 1.9 Stealth
 + Level 0.5 Shields
 + Level 3.0 Spellcasting
 + Level 4.9 Ice Magic


You had 3 spell levels left.
You knew the following spells:

 Your Spells              Type           Power      Damage    Failure   Level
a - Freeze                Ice            80%        1d9       3%          1
b - Frozen Ramparts       Ice            40%        1d6       9%          3
c - Ozocubu's Armour      Ice            20%        N/A       9%          3

Your spell library contained the following spells:

 Spells                   Type           Power      Damage    Failure   Level
 Hailstorm                Conj/Ice       11%        3d5       63%         4
 Fireball                 Conj/Fire      1%         3d3       99%         5
 Iskenderun's Battlesphe  Conj           2%         2d6       99%         5
 Conjure Ball Lightning   Conj/Air       1%         3x3d6     100%        6
 Orb of Destruction       Conj           1%         9d5       100%        7


Dungeon Overview and Level Annotations

Branches:
Dungeon (4/15)
 Temple: D:4-7

Altars:

Shops:
D:3 [?::!


Innate Abilities, Weirdness & Mutations

You are partially covered in molten scales. (AC +2)
You sometimes gain a little power by taking damage.
A meltable shield of frost defends you. (SH +4)


Message History

The hobgoblin attacks as you move away! You block the hobgoblin's attack.
The hobgoblin attacks as you move away! The hobgoblin closely misses you.
The hobgoblin attacks as you move away!
The hobgoblin hits you but does no damage.
The hobgoblin attacks as you move away! The hobgoblin barely misses you.
There is a stone staircase leading up here.
The hobgoblin hits you.
You climb upwards.
There is a stone staircase leading down here.
Casting: Ozocubu's Armour (dangerous; 9% risk of failure)
Confirm with . or Enter, or press ? or * to list all spells.
Casting: Frozen Ramparts (dangerous; 9% risk of failure)
Press: ? - help, Dir - look around, f - activate A stone staircase leading down.
The walls around you are covered in ice.
The wall freezes the hobgoblin.
You block the hobgoblin's attack.
You thump the hobgoblin!
You kill the hobgoblin!
Your Spellcasting skill increases to level 3!
You start resting.
The frozen ramparts melt away.
You start resting.
HP restored.
You start resting.
Magic restored.
You start waiting.
Done waiting.
You climb downwards.
The ogre hits you with a +0 giant club!!
Ouch! That really hurt!
* * * LOW HITPOINT WARNING * * *
There is a stone staircase leading up, spattered with blood here.
The ogre barely misses you.
You climb upwards.
There is a stone staircase leading down here.
As you read the scroll of teleportation, it crumbles to dust.
You feel strangely unstable.
The ogre hits you with a +0 giant club!!
Ouch! That really hurt!
You die...

#.....P.##)# #.#
#####...P∩..##.# #.##
#.......PPP..#.#########...
#.###.#......#...........∩. #.#
#.#####..######...##... #.# #.#
##.## #...##... #.#
#.####...######...###.. #.#
#............##...#####
#.########@..###.##........
#.........O.## #.##..######
#.########### #.##..# # #.##
#.##..# # #..# #.#...# ##.#
#######..#.##
#######'#######.......###.######
#≈≈≈≈≈≈.≈≈≈≈≈≈##.#####.#........
#≈...........≈##.# ##..######.


You could see an ogre.

Vanquished Creatures
  Crazy Yiuf (D:3)
  Terence (D:2)
  Jessica (D:3)
  Ijyb (D:3)
  4 adders
  2 worms (D:2)
  2 dart slugs (D:1)
  8 bats
  5 endoplasms
  A giant cockroach (D:1)
  5 goblins
  4 hobgoblins
  4 jackals (D:1)
  5 kobolds
  3 quokkas
  9 ball pythons
  A frilled lizard (D:1)
  4 rats
61 creatures vanquished.

Notes
Turn   | Place    | Note
-------+----------+-------------------------------------------
     0 | D:1      | jlumianski the Demonspawn Ice Elementalist began the quest
                  | for the Orb.
     0 | D:1      | Reached XP level 1. HP: 13/13 MP: 3/3
   192 | D:1      | Gained mutation: A meltable shield of frost defends you.
                  | (SH +4) [demonic ancestry]
   192 | D:1      | Reached XP level 2. HP: 8/19 MP: 3/5
   477 | D:1      | Reached skill level 4 in Ice Magic
  1311 | D:1      | Gained mutation: You are partially covered in molten
                  | scales. (AC +2) [demonic ancestry]
  1311 | D:1      | Reached XP level 3. HP: 12/24 MP: 3/6
  1883 | D:1      | Learned a level 3 spell: Frozen Ramparts
  2265 | D:2      | You fall into a shaft and drop 1 floor!
  2269 | D:3      | Found a runed translucent door.
  2270 | D:3      | Noticed Crazy Yiuf
  2403 | D:3      | Found Qaiches's Magic Scroll Shop.
  2417 | D:3      | Gained mutation: You sometimes gain a little power by
                  | taking damage. [demonic ancestry]
  2417 | D:3      | Reached XP level 4. HP: 30/30 MP: 0/7
  2428 | D:3      | Bought 2 scrolls of identify for 48 gold pieces
  2428 | D:3      | Bought a scroll of identify for 24 gold pieces
  2570 | D:2      | Noticed Terence
  2588 | D:2      | Killed Terence
  2667 | D:3      | Noticed Jessica
  2720 | D:3      | Killed Jessica
  2727 | D:3      | Learned a level 3 spell: Ozocubu's Armour
  2774 | D:3      | Reached XP level 5. HP: 36/36 MP: 5/9
  2891 | D:3      | Found Foghopau's Distillery.
  2915 | D:3      | Noticed Ijyb
  2941 | D:3      | Found Niyco's Book Shoppe.
  3309 | D:3      | Found Caegasai's Vocational Training.
  3474 | D:3      | Found Cidwoal's Antique Armour Emporium.
  3605 | D:3      | Killed Ijyb
  3857 | D:3      | Found a faded altar of an unknown god.
  3965 | D:3      | Killed Crazy Yiuf
  3966 | D:3      | Reached skill level 1 in Armour
  4137 | D:4      | Noticed an ogre
  4288 | D:3      | Demolished by an ogre

Illustrated notes

Levels and vault maps discovered:
D:1:      dpeg_arrival_tiny_c, layout_basic, minmay_hexomino_u4
D:2:      minmay_evil_eye, layout_rooms, uniq_terence
D:3:      layout_loops_ring, serial_shops, nicolae_shop_stone, shop, shop,
          nicolae_shop_overgrown_old_shop, ebering_ecumenical_altar_mist,
          kennysheep_path_1, palyth_stone_intersect, nicolae_shop_vocational,
          uniq_jessica, uniq_crazy_yiuf_cottage, uniq_ijyb
D:4:      layout_cave_pools, serial_shops, nicolae_shop_behind_doors,
          ebering_ghost_sewer_f

Skill      XL: |  1  2  3  4  5 |
---------------+----------------+-----
Dodging        | 2 |  2.6
Ice Magic      | 4 |  4.9
Armour         | 1 |  1.0
Spellcasting   | 3 |  3.0
Fighting       | |  0.5
Axes           | |  0.8
Stealth        | |  1.9
Shields        | |  0.5

Action                   |  1- 3 |  4- 6 || total
-------------------------+-------+-------++-------
Melee: Hand axe          |    55 |     4 ||    59
       War axe           |       |    23 ||    23
       Quarterstaff      |       |     7 ||     7
 Cast: Freeze            |    41 |     1 ||    42
       Frozen Ramparts   |     4 |    14 ||    18
  Use: Potion            |     1 |       ||     1
       Scroll            |       |    11 ||    11
Armor: Robe              |     2 |       ||     2
       Leather armour    |    33 |    20 ||    53
Dodge: Dodged            |    92 |    32 ||   124
Block: Other             |    29 |    15 ||    44

Table legend: (Time is in decaauts)
 A = Elapsed time spent in this place.
 B = Non-inter-level travel time spent in this place.
 C = Inter-level travel time spent in this place.
 D = Time resting spent in this place.
 E = Time spent auto-exploring this place.
 F = Levels seen in this place.
 G = Mean time per level.
                   A        B        C        D        E       F      G
               +--------+--------+--------+--------+--------+-----+--------+
         Total |   4331 |   4267 |     64 |    841 |   1952 |   4 | 1082.8 |
       Dungeon |   4331 |   4267 |     64 |    841 |   1952 |   4 | 1082.8 |
               +--------+--------+--------+--------+--------+-----+--------+

Top non-repeatable levels by time:
     D:1: 1920 daAuts
     D:3: 1554 daAuts
     D:2: 787 daAuts
     D:4: 68 daAuts
